[Event "Early-Titled-Tuesday-Blitz-September-12-2023"]
[Site "Chess.com"]
[Date "2023.09.12"]
[Round "1"]
[White "MartinMatthiesen"]
[Black "shimastream"]
[Result "0-1"]
[WhiteElo "2514"]
[BlackElo "2957"]
[TimeControl "180+1"]
[EndTime "8:07:14 PDT"]
[Termination "shimastream won by resignation"]

1. d4 Nf6 2. c4 g6 3. g3 Bg7 4.
Bg2 c5 5. d5 O-O 6. Nc3 e6 7. Nf3 exd5 8. cxd5 d6 9. O-O Re8 10. Bf4 h6 11. Re1 a6 12. a4 Bf5 13. Nh4 Bc8 14. Nf3 Bg4 15. h3 Bxf3 16. Bxf3 Qc7 17. Qc2 Nbd7 18. Bg2 Ne5 19. a5 Re7 20. Bd2 Rae8 21. Na4 Ned7 22. Bc3 Ne4 23. Bxg7 Kxg7 24. b3 Ndf6 25. Nb2 Nxd5 26. Nc4 Ndf6 27.
Nb6 d5 28. Rad1 d4 29. b4 Nc3 30. Rd2 cxb4 31. Rxd4 Qc5 32. Rd2 Qxa5 33. Nc4 Qc5 34. Nb2 Nxe2+ 35. Kh2 Qxf2 36. Qd3 Re3 37. Rdxe2 Rxe2 0-1

[Event "Early-Titled-Tuesday-Blitz-September-12-2023"]
[Site "Chess.com"]
[Date "2023.09.12"]
[Round "1"]
[White "CristianS27"]
[Black "Kacparov"]
[Result "0-1"]
[WhiteElo "2507"]
[BlackElo "2919"]
[TimeControl "180+1"]
[EndTime "8:07:14 PDT"]
[Termination "Kacparov won on time"]

1. e4 c5 2. Nf3 e6 3. d4 cxd4 4. Nxd4 a6 5. Be2 Nf6 6. Nc3 Qc7 7.
O-O d6 8. a4 Be7 9. f4 Nbd7 10.
a5 O-O 11. Bf3 Rb8 12. g4 b5 13. axb6 Nxb6 14. g5 Nfd7 15. Bg2 Nc4 16. Rf3 Nxb2 17. Bxb2 Rxb2 18. Rh3 g6 19. f5 Bxg5 20. fxe6 Nf6 21. exf7+ Rxf7 22. Rd3 Rb8 23. Nd5 Nxd5 24. exd5 Qb6 25.
Kh1 Bf6 26. Qd2 Bxd4 27. Rxd4 Qb1+ 28. Rxb1 Rxb1+ 29. Qd1 Rxd1+ 30. Rxd1 Bf5 31. Ra1 Ra7 32. c3 a5 33. Bf3 Kf7 34. Kg2 a4 35. Ra3 Bc2 36.
Kf2 Kf6 37. Ke3 Ke5 38. c4 Bb3 39. Be2 Rf7 40. Ra1 Rf4 0-1

[Event "Early-Titled-Tuesday-Blitz-September-12-2023"]
[Site "Chess.com"]
[Date "2023.09.12"]
[Round "1"]
[White "Khromkin"]
[Black "Evgeny81"]
[Result "0-1"]
[WhiteElo "2428"]
[BlackElo "2753"]
[TimeControl "180+1"]
[EndTime "8:07:15 PDT"]
[Termination "Evgeny81 won by resignation"]

1. d4 f6 2. c4 e6 3. Nf3 g6 4. Nc3 Bg7 5. e4 Ne7 6. Be3 d6 7. g3 e5 8. Bg2 O-O 9. O-O Nbc6 10. Qc2 exd4 11. Nxd4 Nxd4 12. Bxd4 Nc6 13. Be3 f5 14. Rad1 Qe7 15. Rfe1 Kh8 16. Nd5 Qf7 17. c5 fxe4 18. Bxe4 Bg4 19. Rd2 Ne5 20. Nf4 Nf3+ 21. Bxf3 Bxf3 22.
Bd4 Rae8 23. Bxg7+ Qxg7 24. Re3 Rxe3 25. fxe3 Qe5 26. Qc3 Qxc3 27. bxc3 dxc5 28. Rd7 Rf6 29. Rxc7 Ra6 30. h4 Be4 31. Rxc5 Rxa2 32. Ne6 Bc6 33. Nd8 Rg2+ 34. Kf1 Rxg3 35. Nxc6 bxc6 36. Rxc6 Rxe3 37.
Kf2 Re7 38. Kg3 Kg7 39. Ra6 Rc7 40. c4 Kh6 41. Ra5 Rxc4 42. Rxa7 Rc3+ 43. Kg4 Rc4+ 44. Kg3 Rb4 45. Rc7 Rb8 46. Ra7 Rg8 47. Rc7 Rg7 48. Ra7 Rxa7 0-1

[Event "Early-Titled-Tuesday-Blitz-September-12-2023"]
[Site "Chess.com"]
[Date "2023.09.12"]
[Round "1"]
[White "Dom1nant1337"]
[Black "NotFischer"]
[Result "1-0"]
[WhiteElo "2596"]
[BlackElo "2286"]
[TimeControl "180+1"]
[EndTime "8:07:18 PDT"]
[Termination "Dom1nant1337 won by resignation"]

1. d4 Nf6 2. Nc3 d5 3. Bf4 a6 4. e3 e6 5. a3 c5 6. Nf3 Nc6 7.
Bd3 cxd4 8. exd4 Bd6 9. Bxd6 Qxd6 10. O-O O-O 11. Re1 Re8 12. Qd2 b5 13. h3 h6 14.
Ne2 Bb7 15. c3 Rab8 16. Rac1 Na5 17. Rcd1 Nc4 18. Qc1 a5 19. Ng3 Bc6 20. Ne5 Qc7 21.
Bb1 Nxe5 22. Rxe5 b4 23. Qc2 bxc3 24. bxc3 Qe7 25. Nh5 Rxb1 26. Rxb1 Nxh5 27. Rxh5 Qd7 28. Re5 Rc8 29. Qb2 Ba4 30. Re3 Qd6 31. Qb7 Rf8 32. Qa7 Qxa3 33. Qxa5 Qa2 34. Rb7 Qc4 35. Rb4 1-0

[Event "Early-Titled-Tuesday-Blitz-September-12-2023"]
[Site "Chess.com"]
[Date "2023.09.12"]
[Round "1"]
[White "JaloliddinIlkhomi"]
[Black "GodDMuhammad"]
[Result "1-0"]
[WhiteElo "2632"]
[BlackElo "2332"]
[TimeControl "180+1"]
[EndTime "8:07:20 PDT"]
[Termination "JaloliddinIlkhomi won by resignation"]

1. Nf3 d5 2. d4 Bf5 3. c3 e6 4. Bf4 Bd6 5. Bg3 h5 6. e3 h4 7. Bxd6 Qxd6 8. h3 Nd7 9. Bd3 Ne7 10. Bxf5 Nxf5 11. Nbd2 c6 12. Qb3 O-O-O 13. O-O-O c5 14.
Rhe1 c4 15. Qa4 Kb8 16. e4 Ne7 17. exd5 exd5 18. Ne5 Nxe5 19. Rxe5 Nc6 20. Re2 Rhe8 21. Rde1 Rxe2 22. Rxe2 Qh2 23. f3 Qf4 24. Qa3 g5 25. Qa4 Rd6 26. Qc2 Re6 27. Rxe6 fxe6 28. Qg6 Qf5 29.
Qxf5 exf5 30. b3 b5 31. Nf1 Kc7 32. Ne3 Ne7 33. bxc4 dxc4 34. Kb2 Kd6 35. a4 a6 36.
axb5 axb5 37. Kc2 Ke6 38. Kd2 Nd5 39. Nxd5 Kxd5 40. Ke3 b4 41. cxb4 f4+ 42. Kd2 Kxd4 43. Kc2 c3 44. b5 Kc5 45. Kxc3 Kxb5 46. Kd4 Kb4 47. Ke4 Kc4 48. Kf5 Kd3 49. Kxg5 Ke3 50. Kxh4 Kf2 51. Kg4 Kxg2 52. h4 Kf2 53. h5 1-0

[Event "Early-Titled-Tuesday-Blitz-September-12-2023"]
[Site "Chess.com"]
[Date "2023.09.12"]
[Round "1"]
[White "AniJak"]
[Black "Goryachkina"]
[Result "0-1"]
[WhiteElo "2376"]
[BlackElo "2673"]
[TimeControl "180+1"]
[EndTime "8:07:21 PDT"]
[Termination "Goryachkina won on time"]

1. e4 c6 2. d4 d5 3. e5 Bf5 4. Nf3 e6 5. Be2 Ne7 6. O-O c5 7. c4 Nbc6 8. Nc3 Nxd4 9. Nxd4 cxd4 10. Qxd4 Nc6 11. Qf4 dxc4 12. Bxc4 Be7 13. Bb5 Rc8 14. Be3 O-O 15. Rfd1 Qc7 16. Bxc6 bxc6 17. Rac1 Rfd8 18. h3 h6 19. Rxd8+ Rxd8 20. Nb5 Qb7 21. Nxa7 c5 22. b4 Qxa7 23. bxc5 Qxa2 24. c6 Rc8 25. c7 Qa6 26. Qd4 Qb5 27. g4 Bg6 28. Qb6 Qxb6 29. Bxb6 Kf8 30. Ba5 Ke8 31. Rd1 Be4 32. Kh2 Bd5 33. Kg3 Kd7 34. f4 Bc5 0-1

[Event "Early-Titled-Tuesday-Blitz-September-12-2023"]
[Site "Chess.com"]
[Date "2023.09.12"]
[Round "1"]
[White "wannabe2700"]
[Black "Zampronha1971"]
[Result "1-0"]
[WhiteElo "2621"]
[BlackElo "2303"]
[TimeControl "180+1"]
[EndTime "8:07:21 PDT"]
[Termination "wannabe2700 won by resignation"]

1. b3 e5 2. Bb2 Nc6 3. e3 d5 4. Bb5 Bd6 5. f4 Qh4+ 6. g3 Qe7 7. Nf3 f6 8. Nc3 Be6 9. O-O Nh6 10. fxe5 fxe5 11. e4 dxe4 12. Nxe4 O-O 13. Neg5 Kh8 14. Nxe6 Qxe6 15. Bxc6 bxc6 16. Qe2 Rae8 17. Qe4 Qd5 18. Rae1 Nf7 19. c4 Qxe4 20. Rxe4 Kg8 21. Rfe1 a6 22.
d4 Bb4 23. R1e2 Nd6 24. Rxe5 Rxf3 25. Rxe8+ Nxe8 26. Rxe8+ Kf7 27. Rc8 Rd3 28. Rxc7+ Kf8 29. a3 Rxb3 30. axb4 Rxb2 31. Rxc6 Rxb4 32. Kf2 a5 33.
Ke3 a4 34. c5 a3 35. Ra6 Rb2 36. Rxa3 Rxh2 37. d5 Rc2 38. Kd4 Ke8 39. Ra8+ Kd7 40. c6+ Kc7 41. Ra7+ Kc8 42. Rxg7 Rg2 43. d6 Rd2+ 44.
Ke5 Re2+ 45. Kf5 Rf2+ 46. Ke4 Re2+ 47. Kd3 1-0

[Event "Early-Titled-Tuesday-Blitz-September-12-2023"]
[Site "Chess.com"]
[Date "2023.09.12"]
[Round "1"]
[White "NicolaiMaxime"]
[Black "Beca95"]
[Result "1-0"]
[WhiteElo "2533"]
[BlackElo "2955"]
[TimeControl "180+1"]
[EndTime "8:07:22 PDT"]
[Termination "NicolaiMaxime won by resignation"]

1. e4 c5 2. b3 g6 3. Bb2 Nf6 4. Nc3 d6 5. Bb5+ Bd7 6. Bxd7+ Nbxd7 7. f4 Bg7 8. Qe2 O-O 9. O-O-O e6 10. g4 d5 11. e5 Ne8 12. h4 f6 13. exf6 Qxf6 14.
g5 Qf7 15. h5 Nd6 16. hxg6 hxg6 17. Kb1 Rfe8 18. Qh2 d4 19. Nce2 e5 20. fxe5 Nxe5 21. Qh7+ Kf8 22. Nh3 Ke7 23. Qh4 Kd7 24. Rhf1 Nf5 25.
Qe4 Nc6 26. Qg4 d3 27. cxd3 Bxb2 28. Kxb2 Qg7+ 29. Nc3 Kc7 30. Nf4 Nb4 31. Nxg6 Nxd3+ 32. Kb1 Nd6 33. Nf4 Nxf4 34. Qxf4 Qe5 35. Qh4 Rh8 36.
Qg4 Qd4 37. Rf7+ Nxf7 38. Nb5+ Kb6 39. Nxd4 cxd4 40. Qe6+ Ka5 41. Qxf7 b6 42. Qc4 b5 43. Qxd4 Rhd8 44. Qc5 Rdc8 45. Qa3+ Kb6 46. Qd6+ Rc6 47.
Qd4+ Ka6 48. Rc1 Rb6 49. Qd5 Re8 50. Rc7 1-0

[Event "Early-Titled-Tuesday-Blitz-September-12-2023"]
[Site "Chess.com"]
[Date "2023.09.12"]
[Round "1"]
[White "Zurability"]
[Black "AttilaTurzo"]
[Result "0-1"]
[WhiteElo "2800"]
[BlackElo "2478"]
[TimeControl "180+1"]
[EndTime "8:07:22 PDT"]
[Termination "AttilaTurzo won on time"]

1. Nf3 c5 2. g3 Nc6 3. Bg2 g6 4.
O-O Bg7 5. e4 e5 6. Nc3 Nge7 7. d3 O-O 8. Nd2 d6 9. Nc4 Be6 10. Ne3 f5 11. Ned5 Qd7 12. f4 Rae8 13. fxe5 Nxe5 14. Bg5 Nxd5 15. exd5 Bf7 16. Qd2 Ng4 17. h3 Bd4+ 18. Kh1 Ne3 19. Bxe3 Bxe3 20. Qd1 g5 21. Qf3 Bg6 22. Rae1 f4 23. gxf4 Rxf4 24.
Qg3 Rxf1+ 25. Rxf1 Bf4 26. Qf2 Qg7 27. Ne2 Be3 28.
Qg3 Qxb2 29. Qxd6 Qxc2 30. Ng3 Qxd3 31. Qf6 Bf4 32. Rxf4 gxf4 33. Qxf4 Qe3 34. Qg4 Qe1+ 35. Kh2 Qe5 36. h4 Kh8 37. h5 Bd3 38. h6 Rg8 39. Qh4 Qg5 40. Qh3 Qg4 41. Qxg4 Rxg4 42. Bh3 Rd4 43.
Be6 c4 0-1

[Event "Early-Titled-Tuesday-Blitz-September-12-2023"]
[Site "Chess.com"]
[Date "2023.09.12"]
[Round "1"]
[White "Slovak_fighter2000"]
[Black "Abund"]
[Result "0-1"]
[WhiteElo "2426"]
[BlackElo "2749"]
[TimeControl "180+1"]
[EndTime "8:07:22 PDT"]
[Termination "Abund won by resignation"]

1. Nf3 d5 2. d4 Nf6 3. c4 e6 4.
Nc3 Be7 5. g3 O-O 6. Bg2 c6 7. Qd3 dxc4 8. Qxc4 b5 9. Qb3 Bb7 10. O-O Nbd7 11. Bf4 Qb6 12. Rfd1 Nd5 13. Nxd5 cxd5 14. Ne5 Nxe5 15. Bxe5 Rfc8 16. Rac1 Rc4 17. Qe3 Rac8 18. b3 Rc2 19. Bh3 Qc6 20. Rxc2 Qxc2 21. Rd2 Qb1+ 22. Kg2 h6 23. Qd3 Qxd3 24. exd3 Rc1 25. Bf4 Ba3 26. Be3 b4 27. Bg4 Ba6 28.
Bd1 Rc3 29. Be2 Bc1 30. Rd1 Bxe3 31. fxe3 Rc2 32. Kf3 Rxa2 33. Rc1 Rb2 34. Rc7 Rxb3 35. Rxa7 Bxd3 36. Bxd3 Rxd3 37. Rb7 Rb3 38. h4 h5 39.
Rb8+ Kh7 40. Rb7 Kg6 41. Rb6 Kf6 42. Rb7 Rb1 43. Kf2 Kg6 44. Kf3 b3 45. Kg2 b2 46.
Kh2 f6 47. Kg2 Kf5 48. Rb4 Ke4 49. Rb3 e5 50. dxe5 fxe5 0-1

[Event "Early-Titled-Tuesday-Blitz-September-12-2023"]
[Site "Chess.com"]
[Date "2023.09.12"]
[Round "1"]
[White "chess123456s"]
[Black "laiciffOneslraCsungaM"]
[Result "1-0"]
[WhiteElo "2634"]
[BlackElo "2333"]
[TimeControl "180+1"]
[EndTime "8:07:22 PDT"]
[Termination "chess123456s won by resignation"]

1. d4 Nf6 2. Nc3 d5 3. Bf4 g6 4. e3 Bg7 5. h4 h5 6. Nf3 O-O 7. Qd2 c5 8. Ne5 cxd4 9. exd4 Nc6 10. Bb5 Qb6 11. Bxc6 bxc6 12. Na4 Qb5 13. b3 Ne4 14. Qe3 c5 15. Nxc5 Nxc5 16. dxc5 Bf5 17. O-O-O f6 18. Nd3 e5 19. Bh6 d4 20. Qd2 Bxd3 21.
Bxg7 Kxg7 22. Qxd3 Qxc5 23. f4 a5 24. Rhe1 a4 25.
Kb1 axb3 26. cxb3 Rxa2 27. Kxa2 Ra8+ 28. Kb1 Qa3 29. Qc4 Qa2+ 30. Kc1 Qxg2 31. Re2 Qb7 32. fxe5 Qa7 33. exf6+ Kh8 34. Qxd4 Rc8+ 35. Kb1 1-0

[Event "Early-Titled-Tuesday-Blitz-September-12-2023"]
[Site "Chess.com"]
[Date "2023.09.12"]
[Round "1"]
[White "biostatistician"]
[Black "giomar27"]
[Result "1-0"]
[WhiteElo "2586"]
[BlackElo "2271"]
[TimeControl "180+1"]
[EndTime "8:07:22 PDT"]
[Termination "biostatistician won by resignation"]

1. d4 Nf6 2. Nf3 c5 3. d5 g6 4.
c4 b5 5. cxb5 a6 6. b6 d6 7. Nc3 Nbd7 8. e4 Rb8 9. Nd2 Bg7 10.
a4 Rxb6 11. a5 Rb4 12. Bd3 O-O 13. O-O e6 14. Nc4 Nxe4 15. Nxe4 exd5 16. Nexd6 dxc4 17. Bxc4 Ne5 18. Ba2 Rd4 19. Nxf7 Nxf7 20. Qf3 Qf6 21. Qc3 Be6 22. Be3 Bxa2 23. Rxa2 Rd5 24. Qc4 Qd6 25. b3 Bd4 26. Rd2 Ne5 27. Qe2 Bxe3 28. Rxd5 Qxd5 29. Qxe3 Qd4 30. Qe2 Ng4 31. h3 Nxf2 32. Rxf2 Qxf2+ 33. Qxf2 Rxf2 34. Kxf2 Kf7 35. Ke3 Ke6 36. Ke4 Kd6 37. g4 Kc6 38. Ke5 Kb5 39. Kd5 Kb4 40. g5 Kxb3 41.
Kxc5 Ka4 42. Kb6 Kb4 43. Kxa6 1-0

[Event "Early-Titled-Tuesday-Blitz-September-12-2023"]
[Site "Chess.com"]
[Date "2023.09.12"]
[Round "1"]
[White "seramoral"]
[Black "RebecaJimnz"]
[Result "1-0"]
[WhiteElo "2568"]
[BlackElo "2213"]
[TimeControl "180+1"]
[EndTime "8:07:23 PDT"]
[Termination "seramoral won by checkmate"]

1. Nf3 Nf6 2. b3 d5 3. Bb2 e6 4. c4 c6 5. d4 Bd6 6. Nc3 O-O 7.
e3 Nbd7 8. Bd3 Qe7 9. O-O dxc4 10. Bxc4 e5 11. Re1 e4 12. Nd2 Re8 13. Bf1 Nf8 14.
Nc4 Bxh2+ 15. Kxh2 Ng4+ 16. Kg1 Qh4 17. Qxg4 Bxg4 18. Ne5 Bf5 19. Bc4 Ne6 20. Ne2 b5 21. Ng3 Bg6 22. Bxe6 Rxe6 23. Rac1 f5 24. Rxc6 Rxc6 25.
Nxc6 f4 26. exf4 Qxf4 27. d5 Rf8 28. Bd4 Bf7 29. Ne7+ Kh8 30. Ngf5 Rg8 31. Nxg8 Kxg8 32. Ne3 g5 33. Rc1 Be8 34. Rc8 Kf7 35. Ra8 g4 36. Rxa7+ Kf8 37. g3 Qf3 38. d6 Qe2 39. d7 Bxd7 40.
Rxd7 Qe1+ 41. Kg2 Qb4 42. Nxg4 Qe1 43. Bg7+ Ke8 44. Nf6# 1-0

[Event "Early-Titled-Tuesday-Blitz-September-12-2023"]
[Site "Chess.com"]
[Date "2023.09.12"]
[Round "1"]
[White "LeoLV10"]
[Black "Sanan_Sjugirov"]
[Result "0-1"]
[WhiteElo "2504"]
[BlackElo "2912"]
[TimeControl "180+1"]
[EndTime "8:07:25 PDT"]
[Termination "Sanan_Sjugirov won by checkmate"]

1. e4 c5 2. Nf3 d6 3. d4 cxd4 4. Nxd4 Nf6 5. Nc3 a6 6. Bg5 Nbd7 7. Bc4 Qb6 8. Bb3 e6 9. Qd2 Be7 10. f4 Nc5 11. Bxf6 Bxf6 12. O-O-O Bd7 13. g4 h6 14. Kb1 O-O-O 15. h4 g6 16. Nf3 Bc6 17. Rhe1 Kb8 18.
Qe3 Bxc3 19. Qxc3 Nxe4 20. Qg7 Nf2 21. Rxd6 Nxg4 22. Rxd8+ Rxd8 23. Ne5 Nxe5 24. fxe5 Qf2 25. Rc1 h5 26. a3 Qf4 27. Re1 Ka7 28. Rg1 a5 29. a4 Bd5 30. Bxd5 Rxd5 31. b3 Rxe5 32. Rd1 Rd5 33. Re1 Qxh4 34. Qc3 Qb4 35. Qe3+ Qd4 36. Qf3 h4 37. Qxf7 e5 38. Qxg6 h3 39. Rh1 Qc3 40. Qf5 Rd2 41. Rxh3 Rd1+ 42. Ka2 Ra1# 0-1

[Event "Early-Titled-Tuesday-Blitz-September-12-2023"]
[Site "Chess.com"]
[Date "2023.09.12"]
[Round "1"]
[White "PeshkaCh"]
[Black "elchacal664"]
[Result "1-0"]
[WhiteElo "2773"]
[BlackElo "2438"]
[TimeControl "180+1"]
[EndTime "8:07:25 PDT"]
[Termination "PeshkaCh won by checkmate"]

1. Nf3 c5 2. c4 g6 3. g3 Bg7 4. Bg2 Nf6 5. Nc3 O-O 6. O-O d6 7. d4 Nbd7 8. b3 a6 9. Bb2 Qa5 10.
Qd2 Re8 11. Rfd1 Rb8 12. a3 b5 13. dxc5 dxc5 14. cxb5 axb5 15. a4 bxa4 16. Rxa4 Qc7 17.
Qc2 Bb7 18. Rh4 Bc6 19. Na4 Qb7 20. Nxc5 Nxc5 21. Qxc5 Bxf3 22. Bxf3 Qxb3 23. Rd2 Rbc8 24. Qa5 Rc2 25. Rxc2 Qxc2 26. Bd4 Qc1+ 27. Kg2 h5 28. Qb5 Rc8 29. Be3 Qc7 30. Ra4 Qd7 31. Qb3 e6 32. Ra7 Qd8 33. Qb7 Qe8 34. h3 Rb8 35. Qa6 Rc8 36. Bb7 Rd8 37. Bc6 Qf8 38. Qb7 Nd5 39. Bc5 Qxc5 40. Qxf7+ Kh8 41. Qxg7# 1-0

[Event "Early-Titled-Tuesday-Blitz-September-12-2023"]
[Site "Chess.com"]
[Date "2023.09.12"]
[Round "1"]
[White "TomLiu777"]
[Black "splendidkid"]
[Result "0-1"]
[WhiteElo "2426"]
[BlackElo "2751"]
[TimeControl "180+1"]
[EndTime "8:07:25 PDT"]
[Termination "splendidkid won on time"]

1. c4 Nf6 2. Nc3 g6 3. g3 Bg7 4.
Bg2 O-O 5. d4 d6 6. Nf3 Nbd7 7.
O-O e5 8. e3 Re8 9. a4 a5 10.
b3 Nf8 11. Ba3 e4 12. Nd2 Bf5 13. Rc1 h5 14. Nd5 N8h7 15. Nxf6+ Qxf6 16. f3 exf3 17. Qxf3 Qe7 18. h4 Qxe3+ 19. Qxe3 Rxe3 20. Bxb7 Rb8 21. Bf3 Bxd4 22. Kg2 Rd3 23. Rcd1 Be3 24. Bc1 Nf6 25.
Be2 Rd4 26. Rf3 Ng4 27. Rff1 Bc2 28. Bxg4 hxg4 29. Nf3 gxf3+ 30. Kxf3 Rxd1 0-1

[Event "Early-Titled-Tuesday-Blitz-September-12-2023"]
[Site "Chess.com"]
[Date "2023.09.12"]
[Round "1"]
[White "subham777"]
[Black "Artemiki"]
[Result "1-0"]
[WhiteElo "2552"]
[BlackElo "2115"]
[TimeControl "180+1"]
[EndTime "8:07:25 PDT"]
[Termination "subham777 won on time"]

1. e4 e5 2. Nf3 Nc6 3. Bc4 Bc5 4. c3 Nf6 5. d3 d6 6. Nbd2 a6 7. Nf1 Ba7 8. Ng3 h6 9. Be3 Bxe3 10. fxe3 Be6 11.
Bxe6 fxe6 12. Qb3 Qd7 13. Qxb7 Rb8 14. Qxa6 Rxb2 15. O-O O-O 16. Rab1 Rfb8 17. Rxb2 Rxb2 18. Qa3 Rb7 19. d4 Qd8 20. Qa4 Rb6 21. d5 exd5 22.
exd5 Nxd5 23. Qc4 Ne7 24. e4 Rc6 25. Qb3 Rb6 26. Qa3 Ne3 27. Rc1 Qb8 28. c4 Ng4 29. h3 Nf6 30. c5 Rb1 31. cxd6 Rxc1+ 32. Qxc1 cxd6 33. Qc4+ Kf8 34. a4 Qb6+ 35. Kh2 Qc6 36. Qb4 Nc8 37. a5 Nd7 38. Nf5 Nc5 39. Ng3 Qb7 40. Qc4 Qa6 41. Qa2 Qb5 42. Nh4 1-0

[Event "Early-Titled-Tuesday-Blitz-September-12-2023"]
[Site "Chess.com"]
[Date "2023.09.12"]
[Round "1"]
[White "Rsnr"]
[Black "Zarinur"]
[Result "1-0"]
[WhiteElo "2916"]
[BlackElo "2504"]
[TimeControl "180+1"]
[EndTime "8:07:26 PDT"]
[Termination "Rsnr won by resignation"]

1. d4 Nf6 2. c4 e6 3. Nc3 Bb4 4. Qc2 Nc6 5. Nf3 d6 6. Bg5 h6 7.
Bh4 g5 8. Nxg5 hxg5 9. Bxg5 Bxc3+ 10. bxc3 Rg8 11. h4 Rg6 12. e3 Bd7 13. Bd3 Rg8 14. f4 Qe7 15. h5 O-O-O 16. h6 Rxg5 17. fxg5 Ng4 18. h7 Rh8 19. Rh5 Be8 20. Qe2 f5 21. gxf6 Nxf6 22. Rh2 Qg7 23. O-O-O Ne7 24. Rdh1 Bg6 25.
Bxg6 Nxg6 26. Qf3 Rxh7 27. Rxh7 Nxh7 28. Qh5 Nf6 29. Qh6 Qf7 30. Rf1 Ng4 31. Rxf7 Nxh6 32. Rf6 Ng4 33. Rxg6 Nxe3 34. g4 Kd7 35. Rg7+ Kc6 36.
g5 Nxc4 37. g6 Ne3 38. Rf7 Ng4 39. g7 Nh6 40. Rf6 Kd5 41. Rxh6 1-0

[Event "Early-Titled-Tuesday-Blitz-September-12-2023"]
[Site "Chess.com"]
[Date "2023.09.12"]
[Round "1"]
[White "RodTwinkz"]
[Black "krucki03"]
[Result "1-0"]
[WhiteElo "2705"]
[BlackElo "2400"]
[TimeControl "180+1"]
[EndTime "8:07:26 PDT"]
[Termination "RodTwinkz won by resignation"]

1. e4 c5 2. Nc3 a6 3. a4 Nc6 4. f4 g6 5. Nf3 Bg7 6. Bc4 e6 7. e5 Nge7 8. Ne4 O-O 9. Nxc5 d6 10.
Nd3 dxe5 11. fxe5 Rb8 12. O-O b5 13. axb5 axb5 14. Bb3 Nd4 15. Nxd4 Qxd4+ 16. Kh1 Nc6 17. Rf4 Qd8 18. Qg1 Nxe5 19. Nxe5 Bxe5 20. Re4 Bg7 21.
d3 Bb7 22. Re2 Qh4 23. Qe1 Qh5 24. c3 Rfd8 25. d4 b4 26. Bf4 Rbc8 27. Ra7 Bd5 28. Bd1 Qf5 29. Be5 bxc3 30. bxc3 Bf8 31. Rf2 Qh3 32. Bf3 Bxf3 33. Rxf3 Qg4 34. h3 Qh5 35. Rfxf7 Ra8 36. Qf1 Rxa7 37. Rxa7 Qf5 38. Qxf5 gxf5 39.
c4 Rc8 40. c5 Bxc5 41. dxc5 Rxc5 42. Bf6 f4 43. Kh2 Re5 44. Bxe5 1-0

[Event "Early-Titled-Tuesday-Blitz-September-12-2023"]
[Site "Chess.com"]
[Date "2023.09.12"]
[Round "1"]
[White "Srisshhhtea"]
[Black "econpower"]
[Result "0-1"]
[WhiteElo "2413"]
[BlackElo "2733"]
[TimeControl "180+1"]
[EndTime "8:07:27 PDT"]
[Termination "econpower won by resignation"]

1. e4 c5 2. Nf3 Nc6 3. d4 cxd4 4.
Nxd4 Qb6 5. Nb3 Nf6 6. Nc3 e6 7.
Be3 Qc7 8. Nb5 Qb8 9. Bd3 a6 10. N5d4 Be7 11. O-O O-O 12. Nxc6 bxc6 13. c4 d6 14. f4 Qc7 15. Kh1 a5 16. Nd4 Nd7 17. Nf3 Re8 18. Qe1 Rb8 19. Qf2 Bf8 20. Rad1 a4 21. e5 g6 22. Qh4 d5 23. Bc1 Bg7 24.
Ng5 Nf8 25. Be3 Ba6 26. Bc5 h6 27. Nf3 Rxb2 28. Bd6 Qb7 29. f5 exf5 30. cxd5 cxd5 31. Qg3 Bxd3 32. Rxd3 Rxa2 33. Nd4 Ne6 34. Nxe6 Rxe6 35. Rc1 Rb2 36. Rdc3 Rb1 37. Qe1 Rxc1 38. Qxc1 Bxe5 39. Rc7 Qb5 40. Bxe5 Rxe5 41. h3 Qe8 42. Rc8 Re1+ 43. Qxe1 Qxc8 44. Qa5 Qd7 45. Qa8+ Kh7 46. Qa5 0-1

[Event "Early-Titled-Tuesday-Blitz-September-12-2023"]
[Site "Chess.com"]
[Date "2023.09.12"]
[Round "1"]
[White "LamaChampetre"]
[Black "karinachess1"]
[Result "0-1"]
[WhiteElo "2266"]
[BlackElo "2586"]
[TimeControl "180+1"]
[EndTime "8:07:28 PDT"]
[Termination "karinachess1 won by checkmate"]

1. d4 Nf6 2. c4 d6 3. Nf3 g6 4. Nc3 Bg7 5. e4 O-O 6. Be2 e5 7. d5 a5 8. h3 Na6 9. Be3 Nc5 10. Nd2 Nfd7 11. g4 c6 12. h4 a4 13. h5 Qa5 14.
Rb1 Rb8 15. Kf1 cxd5 16. Nxd5 Qd8 17. b4 axb3 18. axb3 Ne6 19. b4 b6 20. Bd3 Ba6 21.
Qf3 Ng5 22. Qg2 h6 23. Qh2 b5 24. Nf3 Nxf3 25. Qg3 Ng5 26. cxb5 Bxb5 27. Bxb5 Rxb5 28. Rc1 Rb8 29. Kg2 Rc8 30. Rcd1 Rc4 31. Rh2 Rxe4 32. Rdh1 Qa8 33. Ne7+ Kh7 34. hxg6+ fxg6 35. Bxg5 Rxg4+ 36. f3 Rxg3+ 37. Kxg3 Qxf3+ 38. Kh4 Qh5+ 39. Kg3 Rf3+ 40.
Kg2 Qg4# 0-1

[Event "Early-Titled-Tuesday-Blitz-September-12-2023"]
[Site "Chess.com"]
[Date "2023.09.12"]
[Round "1"]
[White "artin10862"]
[Black "Zavgorodniy_Sergiy"]
[Result "1-0"]
[WhiteElo "2950"]
[BlackElo "2515"]
[TimeControl "180+1"]
[EndTime "8:07:30 PDT"]
[Termination "artin10862 won by checkmate"]

1. e4 c6 2. Nf3 d5 3. e5 Bf5 4. d4 e6 5. Be2 Nd7 6. O-O a6 7.
a4 Ne7 8. c3 h6 9. a5 c5 10.
dxc5 Nxc5 11. Nd4 Bg6 12. b4 Nd7 13. f4 Rc8 14. Be3 Nf5 15. Bf2 Be7 16. Bd3 Nxd4 17. Bxg6 Nb5 18. Bd3 Nxc3 19. Nxc3 Rxc3 20. Bd4 Rc6 21.
f5 exf5 22. b5 Rg6 23. Bxf5 Rg5 24. h4 Rg3 25. e6 Nf6 26. Qe1 Rb3 27. exf7+ Kf8 28.
Rc1 Nd7 29. Bxd7 Qxd7 30. Qe5 Bf6 31. Rxf6 gxf6 32. Qxf6 Rh7 33. Bc5+ Qe7 34. Qxe7+ Kg7 35. f8=Q+ Kg6 36. Qg8+ Kh5 37. Qe5+ Kxh4 38. Qh2+ Rh3 39. Qxh3# 1-0

[Event "Early-Titled-Tuesday-Blitz-September-12-2023"]
[Site "Chess.com"]
[Date "2023.09.12"]
[Round "1"]
[White "chessdjw"]
[Black "Bugcrusher"]
[Result "0-1"]
[WhiteElo "2741"]
[BlackElo "2444"]
[TimeControl "180+1"]
[EndTime "8:07:30 PDT"]
[Termination "Bugcrusher won on time"]

1. e4 e6 2. d4 d5 3. exd5 exd5 4. Nf3 Bd6 5. h3 Nc6 6. Bb5 Ne7 7. O-O O-O 8. Nc3 Bf5 9. Re1 a6 10. Bxc6 bxc6 11.
Bg5 f6 12. Bh4 Qd7 13. Na4 Be4 14. Bg3 Nf5 15. Bxd6 Nxd6 16. Nd2 Rae8 17. f3 Bf5 18. Nc5 Qc8 19. c3 Bxh3 20. gxh3 Qxh3 21. Re2 Nf5 22.
Rh2 Qg3+ 23. Kh1 Qf4 24. Nf1 Ne3 25. Nxe3 Rxe3 26. Rh3 Rfe8 27. Qc2 h6 28. Qh2 Re1+ 29. Rxe1 Rxe1+ 30. Qg1 Rxg1+ 31. Kxg1 Qc1+ 32. Kh2 Qxb2+ 33. Kg3 Qxa2 34. Rh2 Qc4 35. Ra2 Qxc3 36. Rxa6 Qxd4 37. Rxc6 Qe5+ 38. Kg2 Qe2+ 39. Kg3 d4 40. Ne6 Qe5+ 41.
Kf2 d3 42. Nxc7 Qe2+ 43. Kg3 d2 0-1

[Event "Early-Titled-Tuesday-Blitz-September-12-2023"]
[Site "Chess.com"]
[Date "2023.09.12"]
[Round "1"]
[White "Francisco_Ferrari"]
[Black "ArtemDyachuk"]
[Result "0-1"]
[WhiteElo "2155"]
[BlackElo "2554"]
[TimeControl "180+1"]
[EndTime "8:07:30 PDT"]
[Termination "ArtemDyachuk won by checkmate"]

1. e4 c5 2. Nf3 d6 3. d4 cxd4 4.
Nxd4 Nf6 5. Nc3 Nc6 6. Bc4 e6 7. O-O Be7 8. Kh1 O-O 9. f4 a6 10. f5 e5 11. Nde2 Bd7 12. Bg5 Rc8 13. Bxf6 Bxf6 14. Qxd6 Nd4 15. Bb3 Rc6 16. Qd5 Qc7 17. Nxd4 exd4 18. e5 dxc3 19. exf6 Rxf6 20. bxc3 Rh6 21. h3 Rxh3+ 22. gxh3 Bc6 23. Rf3 Bxd5 24. Bxd5 Rd8 25. Rd1 Kf8 26. Rfd3 b5 27. Kg2 Qf4 28. Rf1 Qg5+ 29. Kh2 Qf6 30. c4 Qe5+ 31. Kg2 bxc4 32.
Bxc4 Qe4+ 33. Rff3 Rxd3 34. Bxd3 Qa4 35. f6 g5 36. Bxh7 Qxa2 37. Bd3 a5 38. Rf5 a4 39. Ra5 Ke8 40. Bb5+ Kd8 41. Bxa4 Qc4 42. Ra8+ Kc7 43. Ra7+ Kd6 44. Bb3 Qe4+ 45. Kg3 Qf4+ 46. Kg2 Qe4+ 47. Kf2 Qd4+ 48. Kg3 Qxa7 49. Kg4 Ke5 50. Bxf7 Qxf7 51. Kxg5 Qxf6+ 52. Kg4 Qf4+ 53. Kh5 Kf6 54. h4 Qg3 55. c4 Qg6# 0-1